 Dungeon Sprint DCSS version 0.21.0-24-g2553a33 (webtiles) character file.

198 wojtek the Cleaver (level 5, 0/52 HPs)
             Began as a Minotaur Berserker on Jan 20, 2018.
             Was a Priest of Trog.
             Killed from afar by a deep elf mage (25 damage)
             ... with a bolt of lightning
             ... in the Dungeon (Sprint III: "The Ten Rune Challenge").
             The game lasted 00:00:56 (679 turns).

wojtek the Cleaver (Minotaur Berserker)              Turns: 679, Time: 00:00:56

Health: 0/52       AC:  2    Str: 22    XL:     5   Next: 47%
Magic:  4/4        EV: 14    Int:  4    God:    Trog [***...]
Gold:   44         SH:  0    Dex: 10    Spells: 4/4 levels left

rFire    . . .     SeeInvis .   a - +0 hand axe
rCold    . . .     Gourm    .   (no shield)
rNeg     . . .     Faith    .   b - +0 animal skin
rPois    .         Spirit   .   (helmet restricted)
rElec    .         Reflect  .   (no cloak)
rCorr    .         Harm     .   (no gloves)
MR       .....     NoTele   +   (no boots)
Stlth    +.........             (no amulet)
HPRegen  0.17/turn              (no ring)
MPRegen  0.09/turn              (no ring)

@: no status effects
A: retaliatory headbutt, horns 2
a: Berserk, Trog's Hand, Burn Spellbooks, Renounce Religion


You were in the Dungeon.
You worshipped Trog.
Trog was most pleased with you.
You were not hungry.

You visited 1 branch You collected 44 gold pieces.

Inventory:

Hand Weapons
 a - a +0 hand axe (weapon)
Armour
 b - a +0 animal skin (worn)
Scrolls
 i - a scroll of blinking
 l - a scroll of enchant weapon {unknown}
 m - a scroll of immolation {unknown}
 n - 2 scrolls of identify {unknown}
 o - 3 scrolls of remove curse
 q - a scroll of holy word {unknown}
Potions
 d - a potion of curing
 e - a potion of heal wounds
 f - a potion of haste
 g - 2 potions of magic
 h - a potion of berserk rage
 k - a potion of degeneration {unknown}
 p - 3 potions of flight
 r - 5 potions of mutation
Comestibles
 c - 2 rations


   Skills:
 + Level 7.1 Fighting
 * Level 9.4 Axes
 + Level 6.5 Armour
 + Level 5.9 Dodging


You had 4 spell levels left.
You didn't know any spells.

Dungeon Overview and Level Annotations

Branches:
Dungeon (1/1)

Altars:
Elyvilon
Kikubaaqudgha
Sif Muna
Vehumet
Zin
The Shining One


Innate Abilities, Weirdness & Mutations

You reflexively headbutt those who attack you in melee.
You have a pair of horns on your head.


Message History

You are feeling very hungry.
You start waiting.
You feel yourself speed up.
You start waiting.
You recover from your berserk rage.
You eat one of the 3 rations.
That ration really hit the spot!
You open the door.
Found a glowing silver altar of Zin.
A deep elf mage comes into view.
It is wielding a long sword of holy wrath.
The deep elf mage shouts!
The deep elf mage picks up a potion of heal wounds.
Found two altars.
There is an open door here.
Drop what? 18/52 slots (_ for help) (? for menu, Esc to quit)
You drop a book of Minor Magic.
The deep elf mage casts a spell at you. The bolt of lightning hits you!
Ouch! That really hurt!
The bolt of lightning hits you!
You die...

▓▓▓▓▓▓▓▓ ▓▓▓ .'.....♣
♣.##### .#.....♣♣
♣.#___# ##......♣
♣.#e..#
.#....≈.♣♣♣♣.###@#+###+
.#†..≈≈♣.....#..........
.#..≈≈≈≈...♣.'.⌠........
'#..≈≈≈≈≈≈.♣.#...######+
.#.≈≈≈≈≈≈....#.⌠.#
.#.≈≈≈≈≈.....#...#
.#.≈≈≈.......#)###
##...........#)..#
.............#___#


You could see a deep elf mage.

Vanquished Creatures
  A water elemental (D)
  A scorpion (D)
  A wizard (D)
  Jessica (D)
  A kobold demonologist (D)
  A human (D)
  2 rats (D)
8 creatures vanquished.

Vanquished Creatures (others)
  2 draconian scorchers (D)
  6 hellions (D)
  A yaktaur (D)
9 creatures vanquished.

Grand Total: 17 creatures vanquished

Notes
Turn   | Place    | Note
-------+----------+-------------------------------------------
     0 | D        | wojtek the Minotaur Berserker began the quest for the Orb.
     0 | D        | Reached XP level 1. HP: 19/19 MP: 0/0
     8 | D        | Reached skill level 4 in Axes
    47 | D        | Killed a yaktaur
    50 | D        | Noticed Jessica
    56 | D        | Killed Jessica
    56 | D        | Reached ** piety under Trog
    56 | D        | Reached skill level 5 in Axes
    56 | D        | Reached XP level 2. HP: 18/28 MP: 1/1
    81 | D        | Killed a hellion
    82 | D        | Killed a hellion
    98 | D        | Killed a hellion
    99 | D        | Killed a hellion
   158 | D        | Killed a hellion
   190 | D        | Killed a hellion
   190 | D        | Killed a white draconian scorcher
   192 | D        | Killed a white draconian scorcher
   233 | D        | Reached skill level 5 in Fighting
   233 | D        | Reached skill level 6 in Axes
   233 | D        | Reached XP level 3. HP: 25/36 MP: 2/2
   321 | D        | Noticed a scorpion
   329 | D        | Killed a scorpion
   329 | D        | Reached skill level 7 in Axes
   329 | D        | Reached skill level 5 in Armour
   329 | D        | Reached XP level 4. HP: 22/44 MP: 3/3
   525 | D        | Noticed a water elemental
   529 | D        | Killed a water elemental
   529 | D        | Reached skill level 8 in Axes
   529 | D        | Reached skill level 5 in Dodging
   529 | D        | Reached XP level 5. HP: 50/51 MP: 4/4
   616 | D        | Found a radiant altar of Vehumet.
   616 | D        | Found a deep blue altar of Sif Muna.
   616 | D        | Found an ancient bone altar of Kikubaaqudgha.
   619 | D        | Reached *** piety under Trog
   619 | D        | Reached skill level 9 in Axes
   620 | D        | Noticed a hellwing
   677 | D        | Found a glowing silver altar of Zin.
   678 | D        | Found a glowing golden altar of the Shining One.
   678 | D        | Found a white marble altar of Elyvilon.
   678 | D        | Noticed a deep elf mage
   679 | D        | Killed from afar by a deep elf mage

Skill      XL: |  1  2  3  4  5 |
---------------+----------------+-----
Axes           | 5 6 7 8 9 |  9.4
Fighting       | 4 5 6 7 |  7.1
Armour         | 3 4 5 6 |  6.5
Dodging        | 3 4 5 |  5.9

Action                   |  1- 3 |  4- 6 || total
-------------------------+-------+-------++-------
Melee: Hand axe          |    17 |     8 ||    25
       Headbutt          |     2 |     1 ||     3
Invok: Berserk           |     1 |     2 ||     3
  Eat: Ration            |       |     1 ||     1
       Chunk             |       |     1 ||     1
Armor: Animal skin       |     1 |       ||     1
Dodge: Dodged            |     8 |     2 ||    10
